 Dungeon Crawl Stone Soup version 0.30-b1-2-g02819fbbbe (webtiles) character file.

Game seed: 3288046154997465861

187 Dirian the Chopper (level 5, -10/45 HPs)
             Began as a Minotaur Reaver on May 14, 2023.
             Mangled by Menkaure (16 damage)
             ... on level 4 of the Dungeon.
             The game lasted 00:03:54 (2968 turns).

Dirian the Chopper (Minotaur Reaver)                Turns: 2968, Time: 00:03:54

Health: -10/45     AC:  8    Str: 24    XL:     5   Next: 39%
Magic:  6/6        EV: 10    Int: 10    God:
Gold:   186        SH:  0    Dex:  9    Spells: 5/6 levels left

rFire   . . .        a - +1 hand axe
rCold   . . .        (no shield)
rNeg    . . .        d - +0 scale mail
rPois   .            (helmet restricted)
rElec   .            (no cloak)
rCorr   .            m - +0 pair of gloves
SInv    .            (no boots)
Will    .....        (no amulet) Stlth
                     b - +6 ring of strength
HPRegen 0.27/turn    (no ring)
MPRegen 0.10/turn

%: no passive effects
@: no status effects
A: horns 2, retaliatory headbutt
a: no special abilities


You were on level 4 of the Dungeon.
You visited 1 branch of the dungeon, and saw 4 of its levels.

You collected 186 gold pieces.

Inventory:

Hand Weapons
 a - a +1 hand axe (weapon)
Armour
 d - a +0 scale mail (worn)
 m - a +0 pair of gloves (worn)
 o - a +0 plate armour
 p - a +0 tower shield
Jewellery
 b - a +6 ring of strength (left hand)
Scrolls
 c - a scroll of immolation
Potions
 g - a potion of brilliance
 i - 2 potions of lignification {unknown}
 k - a potion of haste {unknown}
 l - a potion of cancellation {unknown}
 n - a potion of invisibility {unknown}
 r - 2 potions of curing {unknown}
 s - a potion of heal wounds {unknown}


   Skills:
 + Level 3.0 Fighting
 + Level 5.6 Axes
 * Level 4.1 Armour
 - Level 2.1 Dodging
 - Level 1.3 Spellcasting
 - Level 2.1 Conjurations


You had 5 spell levels left.
You knew the following spells:

 Your Spells              Type           Power      Damage    Failure   Level
a - Kiss of Death         Conj/Necr      8%         2d6       45%         1

Your spell library contained the following spells:

 Spells                   Type           Power      Damage    Failure   Level
 Momentum Strike          Conj/Tloc      4%         3d8       58%         2
 Dazzling Flash           Conj/Hex       4%         N/A       83%         3
 Hailstorm                Conj/Ice       2%         3d3       83%         3
 Agony                    Necr           0%         N/A       100%        5
 Silence                  Hex/Air        0%         N/A       100%        5


Dungeon Overview and Level Annotations

Branches:
Dungeon (4/15) Zot: 21004
 Temple: D:4-7

Altars:
Cheibriados

Shops:
D:3 (

Annotations:
D:4 Menkaure


Innate Abilities, Weirdness & Mutations

You have a pair of horns on your head.
You reflexively headbutt those who attack you in melee.


Message History

The hobgoblin hits you but does no damage.
You barely miss the hobgoblin. The hobgoblin misses you.
You barely miss the hobgoblin. Your headbutt misses the hobgoblin.
The hobgoblin hits you but does no damage.
You closely miss the hobgoblin. You headbutt the hobgoblin.
You kill the hobgoblin!
No target in view!
No target in view!
No target in view!
No target in view!
No target in view!
No target in view!
No target in view!
You see here a hobgoblin corpse.
You now have 186 gold pieces (gained 16).
Menkaure, Prince of Dust comes into view.
Menkaure shouts!
Menkaure is nearby!
Menkaure is nearby!
You barely miss Menkaure.
Menkaure calls on the powers of darkness!
Your body is wracked with pain!
You hit Menkaure.
Menkaure is lightly damaged.
Menkaure closely misses you.
You slash Menkaure!
Menkaure is heavily damaged.
Menkaure hits you!
* * * LOW HITPOINT WARNING * * *
You hit Menkaure.
Menkaure is severely damaged.
Menkaure calls on the powers of darkness!
Your body is wracked with pain!
* * * LOW HITPOINT WARNING * * *
You completely miss Menkaure. Your headbutt misses Menkaure.
Menkaure is severely damaged.
You hit Menkaure.
Menkaure is severely damaged.
Menkaure hits you!
You die...

####
######### ..#
#.......# #M#
#.#####.#
#@###.#####.#
#........##.#
#####.##.##.#
#.##.##.#
#.......#
#######..###
#......#.#
#.####†#.#
####.#.#


You could see Menkaure.

Vanquished Creatures
  2 iguanas (D:3)
  7 adders
  3 worms
  2 dart slugs (D:3)
  An orc (D:3)
  3 endoplasms
  4 giant cockroaches
  7 goblins
  8 hobgoblins
  4 quokkas
  5 ball pythons
  2 bats
  2 frilled lizards
  3 kobolds
  6 rats
59 creatures vanquished.

Vanquished Creatures (others)
  3 plants (D:2)
3 creatures vanquished.

Grand Total: 62 creatures vanquished

Notes
Turn   | Place    | Note
-------+----------+-------------------------------------------
     0 | D:1      | Dirian the Minotaur Reaver began the quest for the Orb.
     0 | D:1      | Reached XP level 1. HP: 18/18 MP: 1/1
   163 | D:1      | Reached skill level 4 in Axes
   163 | D:1      | Reached skill level 1 in Armour
   164 | D:1      | Reached XP level 2. HP: 24/25 MP: 3/3
   833 | D:2      | Reached XP level 3. HP: 26/30 MP: 4/4
  1365 | D:2      | Reached skill level 5 in Axes
  1365 | D:2      | Reached XP level 4. HP: 37/37 MP: 5/5
  1835 | D:3      | Found a snail-covered altar of Cheibriados.
  2224 | D:3      | Reached XP level 5. HP: 42/45 MP: 6/6
  2238 | D:3      | Found a transporter.
  2292 | D:3      | Found Cuoted's Antique Weapon Shoppe.
  2329 | D:3      | Found a transporter.
  2961 | D:4      | Noticed Menkaure
  2968 | D:4      | Mangled by Menkaure

Illustrated notes

Levels and vault maps discovered:
D:1:      minmay_arrival_jagged, layout_rooms
D:2:      layout_rooms, chequers_big_river, minmay_pentomino_pile
D:3:      layout_loops_corners, kennysheep_slug_shrine, serial_shops,
          nicolae_shop_drivethru
D:4:      layout_loops_cross, nemelex_dance_club_becter,
          nicolae_vehumet_radiance, minmay_temple_entry_antechambers,
          uniq_natasha, uniq_menkaure, uniq_duvessa

Skill      XL: |  1  2  3  4  5 |
---------------+----------------+-----
Axes           | 4 5 |  5.6
Armour         | 1 2 3 4 |  4.1
Fighting       | 3 |  3.0
Dodging        | |  2.1
Spellcasting   | |  1.3
Conjurations   | |  2.1

Action                     |  1- 3 |  4- 6 || total
---------------------------+-------+-------++-------
  Melee: Hand axe          |    95 |    92 ||   187
         Headbutt          |     6 |    16 ||    22
         Punch             |     1 |       ||     1
    Use: Scroll            |       |     5 ||     5
 Armour: Leather armour    |    16 |       ||    16
         Ring mail         |     9 |    20 ||    29
         Scale mail        |       |    10 ||    10
  Dodge: Dodged            |    62 |    34 ||    96
